 Dungeon Crawl Stone Soup version 0.32-a0-468-g38b2580584 (webtiles) character file.

Game seed: 6971464019731580988

807 Esekla the Covert (level 7, 0/50 HPs)
             Began as an Octopode Delver on Feb 25, 2024.
             Was an Initiate of Gozag.
             Slain by a gnoll
             ... wielding a +0 halberd
             ... led by a gnoll bouda
              (13 damage)
             ... on level 5 of the Dungeon.
             The game lasted 00:37:38 (5300 turns).

Esekla the Covert (Octopode Delver)                 Turns: 5300, Time: 00:37:39

Health: 0/50       AC:  1    Str: 11    XL:     7   Next: 92%
Magic:  8/10       EV: 14    Int: 15    God:    Gozag
Gold:   369        SH:  0    Dex: 13    Spells: 8/11 levels left

rFire   . . .        a - +3 falchion (elec)
rCold   . . .        (no shield)
rNeg    . . .        (helmet restricted)
rPois   .            (no amulet)
rElec   .            (no ring)
rCorr   .            (no ring)
SInv    .            (no ring)
Will    .....        (no ring)
Stlth   +++++        (no ring)
HPRegen 0.28/turn    (no ring)
MPRegen 0.12/turn    (no ring)
                     (no ring)

%: no passive effects
@: weakened, fugue, gold aura
A: almost no armour, amphibious, 8 rings, camouflage 1, gelatinous body 1,
(nimble swimmer 1), tentacles
a: Renounce Religion, Potion Petition, Call Merchant, Bribe Branch


You were on level 5 of the Dungeon.
You worshipped Gozag.
Gozag was aware of your devotion.
You visited 1 branch of the dungeon, and saw 5 of its levels.

You collected 799 gold pieces.
You spent 424 gold pieces at shops.
You paid 6 gold pieces to Gozag.

Inventory:

Hand Weapons
 a - a +3 falchion of electrocution (weapon)
 r - a +1 spear of venom
 s - a +0 dagger
Missiles
 z - 11 poisoned darts (quivered)
Wands
 f - a wand of digging (3)
 x - a wand of flame (68)
Scrolls
 b - a scroll of fog
 d - 2 scrolls of poison {unknown}
 h - a scroll of amnesia {unknown}
 j - 3 scrolls of teleportation
 k - a scroll of torment {unknown}
 l - 2 scrolls of revelation
 n - a scroll of fear
 y - a scroll of enchant weapon {unknown}
Potions
 c - a potion of cancellation
 e - a potion of haste
 g - a potion of mutation {unknown}
 i - 2 potions of curing
 m - 2 potions of attraction
 p - a potion of brilliance
 q - a potion of resistance
 t - a potion of invisibility {unknown}
 u - a potion of might
 v - 2 potions of enlightenment
 w - 2 potions of heal wounds


   Skills:
 * Level 5.1 Fighting
 + Level 0.6(2.6) Short Blades
 + Level 4.2 Long Blades
 * Level 3.8 Dodging
 + Level 8.4 Stealth
 * Level 2.5 Spellcasting
 * Level 1.9 Necromancy


You had 8 spell levels left.
You knew the following spells:

 Your Spells              Type           Power      Damage    Failure   Level
w - Fugue of the Fallen   Necr           7%         N/A       28%         3

Your spell library contained the following spells:

 Spells                   Type           Power      Damage    Failure   Level
 Shock                    Conj/Air       4%         1d3       22%         1
 Ensorcelled Hibernation  Hex/Ice        2%         N/A       32%         2
 Swiftness                Air            1%         N/A       54%         3
 Anguish                  Hex/Necr       2%         N/A       80%         4
 Airstrike                Air            0%         2d(1-17)  91%         4


Dungeon Overview and Level Annotations

Branches:
Dungeon (5/15)             Temple (0/1) D:5

Altars:
Fedhas
Gozag
Nemelex Xobeh
Qazlal
Trog

Shops:
D:4 ***!

Annotations:
D:3 yak
D:4 Dowan, Duvessa


Innate Abilities, Weirdness & Mutations

You cannot wear most types of armour.
You are amphibious.
You can wear up to eight rings at the same time.
Your skin changes colour to match your surroundings (Stealth+).
Your rubbery body absorbs attacks. (AC +1, EV +1)
((You are camouflaged when in or above water. (Stealth+)))
You have tentacles for arms and can constrict up to eight enemies at once.


Message History

The gnoll bouda is severely wounded.
You constrict the gnoll bouda.
The gnoll bouda hits you with a +0 club!
You hit the gnoll bouda but do no damage.
The gnoll bouda is severely wounded.
You constrict the gnoll bouda, but do no damage.
The gnoll closely misses you.
The gnoll bouda barks out a call to the hunt!
The gnoll picks up the pace!
You hit the gnoll bouda but do no damage.
Your squeeze misses the gnoll bouda.
The gnoll bouda is severely wounded.
You constrict the gnoll bouda. The gnoll barely misses you.
The gnoll bouda closely misses you. The gnoll misses you.
The gnoll bouda gazes fiercely through you!
You feel as though you will be weak longer.
The gnoll bouda hits you with a +0 club!
You hit the gnoll bouda but do no damage.
You squeeze the gnoll bouda.
The gnoll bouda is almost dead.
You constrict the gnoll bouda.
You kill the gnoll bouda!
The gnoll barely misses you.
A gnoll comes into view. It is wielding a +0 halberd.
The wailing of tortured souls fills the air!
Things that are here:
8 gold pieces; a +0 club; a +0 leather armour The gnoll hits you with a +0 halberd.
A gnoll comes into view. It is wielding a +0 spear.
The gnoll misses you.
The gnoll hits you from afar with a +0 halberd.
You see here a poisoned dart.
You slash the gnoll! You grab the gnoll.
The gnoll is heavily wounded.
You constrict the gnoll. The gnoll hits you with a +0 halberd!
* * * LOW HITPOINT WARNING * * *
The gnoll closely misses you.
The gnoll hits you from afar with a +0 halberd!
You die...
Your body crumbles into a pile of gold.

*+*** *,*,*
#.......P.P.P..
,,,,*******,*,*
#......#PP_PP.#
*+*,**,,,,,,*,*
#######..PPPP.#
*>*,+,,****,*,*
####...PP..#
***,**,* *,,,*
####.......#
,,,,**,****,***
####.#######
*+****,,,,,,,,*
#.....(..
*,,******##.#.#####
#########
,,,,,,,,,....ggg@g#
**,******##.#g###$#
*,*,,,,,,,,*,* #.#
*,*,***,,,,,,* #.#
*,*,* **,***** #.#
**,*,* *,* #.#
,,,*,****,* #.#
****,,,,,,* #.# ###
******** #.# #<#


You could see 5 gnolls.

Vanquished Creatures
  3 phantoms
  A kobold brigand (D:4)
  3 hounds (D:4)
  A gnoll bouda (D:5)
  2 orc priests
  A sleepcap (D:5)
  Ijyb (D:4)
  An orc wizard (D:4)
  Natasha (thrice) (D:3)
  Robin (D:2)
  4 adders
  4 gnolls (D:2)
  A shadow imp (D:5)
  2 dart slugs
  A ribbon worm (D:2)
  7 orcs
  5 endoplasms
  3 giant cockroaches
  12 hobgoblins
  3 jackals (D:2)
  2 quokkas
  7 ball pythons
  7 bats
  3 frilled lizards
  17 goblins
  8 kobolds
  3 rats
106 creatures vanquished.

Notes
Turn   | Place    | Note
-------+----------+-------------------------------------------
     0 | D:5      | Esekla the Octopode Delver began the quest for the Orb.
     0 | D:5      | Reached XP level 1. HP: 16/16 MP: 1/1
    39 | D:5      | Found an opulent altar of Gozag.
    42 | D:5      | Noticed a yak
    54 | D:5      | Became a worshipper of Gozag Ym Sagoz the Greedy
    93 | D:4      | Found Fyruale's Distillery.
   112 | D:4      | Noticed Ijyb
   142 | D:4      | Found a bloodstained altar of Trog.
   360 | D:2      | Noticed Robin
   512 | D:2      | Reached skill level 7 in Stealth
   512 | D:2      | Reached XP level 2. HP: 21/21 MP: 2/2
   542 | D:2      | Reached XP level 3. HP: 26/26 MP: 3/3
  1304 | D:1      | Reached XP level 4. HP: 25/31 MP: 5/5
  2154 | D:2      | Reached skill level 1 in Spellcasting
  2196 | D:1      | Learned a level 3 spell: Fugue of the Fallen
  2350 | D:2      | Killed Robin
  2534 | D:2      | Reached skill level 8 in Stealth
  2535 | D:2      | Reached XP level 5. HP: 17/36 MP: 6/6
  2820 | D:3      | Noticed Natasha
  2828 | D:3      | Killed Natasha
  3207 | D:3      | Noticed Natasha
  3210 | D:3      | Killed Natasha
  3323 | D:3      | Found a stormy altar of Qazlal.
  3388 | D:4      | Found a sparkling altar of Nemelex Xobeh.
  3425 | D:4      | Noticed a phantom
  3443 | D:4      | Killed a phantom
  3444 | D:4      | Reached skill level 1 in Necromancy
  3444 | D:4      | Reached XP level 6. HP: 43/43 MP: 8/8
  3450 | D:4      | Noticed Duvessa
  3450 | D:4      | Noticed Dowan
  3485 | D:4      | Bought a potion of might for 44 gold pieces
  3485 | D:4      | Bought a potion of enlightenment for 55 gold pieces
  3531 | D:4      | Found Ciub Politiz's General Store.
  3561 | D:4      | Bought a scroll of teleportation for 42 gold pieces
  3580 | D:4      | Killed Ijyb
  3741 | D:4      | Found Goasm's General Store.
  3744 | D:4      | Found Ofamomp's Assorted Antiques.
  3753 | D:4      | Bought a scroll labelled DIEHAP ETHRATO for 25 gold pieces
  3780 | D:4      | Bought a glowing falchion for 150 gold pieces
  3933 | D:4      | Reached XP level 7. HP: 29/48 MP: 5/10
  4284 | D:4      | Bought a potion of heal wounds for 60 gold pieces
  4284 | D:4      | Bought a scroll of identify for 24 gold pieces
  4284 | D:4      | Bought a scroll of identify for 24 gold pieces
  4761 | D:5      | Noticed a yak
  4761 | D:5      | Noticed a yak
  4769 | D:4      | Reached skill level 5 in Fighting
  5130 | D:3      | Noticed Natasha
  5145 | D:3      | Killed Natasha
  5300 | D:5      | Slain by a gnoll

Illustrated notes

Levels and vault maps discovered:
D:1:      minmay_arrival_four_circles, layout_basic
D:2:      wander_river, layout_loops_ring, uniq_robin
D:3:      layout_basic, nicolae_qazlal_eye_of_the_storm, amethyst_killhole,
          uniq_natasha
D:4:      layout_basic, lemuel_doored_altar, mainiacjoe_overflow_alcove_2,
          serial_shops, nicolae_shop_trees, shop, shop, shop, minmay_cupped,
          uniq_ijyb, uniq_duvessa
D:5:      layout_basic, fedhas_bush_and_centaur_altar, grunt_gozag_breadcrumbs,
          minmay_temple_entry_glassed_door, nicolae_figureground_pulse,
          uniq_menkaure

Skill      XL: |  1  2  3  4  5  6  7 |
---------------+----------------------+-----
Stealth        | 7 8 |  8.4
Spellcasting   | 1 2 |  2.5
Long Blades    | 3 4 |  4.2
Necromancy     | 1 |  1.9
Fighting       | 4 5 |  5.1
Dodging        | 3 |  3.8
Short Blades   | |  0.6

Action                     |  1- 3 |  4- 6 |  7- 9 || total
---------------------------+-------+-------+-------++-------
  Melee: Falchion          |    44 |   100 |    35 ||   179
         Constrict         |    10 |    27 |     7 ||    44
         Dagger            |     9 |    16 |     2 ||    27
         Tentacles         |    10 |    22 |     7 ||    39
  Throw: Dart              |       |       |     2 ||     2
   Cast: Fugue of the Fall |       |     2 |     1 ||     3
    Use: Scroll            |     2 |     6 |     2 ||    10
         Potion            |       |     2 |     1 ||     3
   Stab: Sleeping          |    13 |    13 |     2 ||    28
 Armour: Skin              |    17 |    67 |    23 ||   107
  Dodge: Dodged            |    20 |    55 |    35 ||   110

Table legend: (Time is in decaauts)
 A = Elapsed time spent in this place.
 B = Non-inter-level travel time spent in this place.
 C = Inter-level travel time spent in this place.
 D = Time resting spent in this place.
 E = Time spent auto-exploring this place.
 F = Levels seen in this place.
 G = Mean time per level.
                   A        B        C        D        E       F      G
               +--------+--------+--------+--------+--------+-----+--------+
         Total |   5305 |   5070 |    235 |    811 |   1501 |   5 | 1061.0 |
       Dungeon |   5305 |   5070 |    235 |    811 |   1501 |   5 | 1061.0 |
               +--------+--------+--------+--------+--------+-----+--------+

Top non-repeatable levels by time:
     D:4: 1345 daAuts
     D:2: 1183 daAuts
     D:1: 1144 daAuts
     D:3: 1078 daAuts
     D:5: 553 daAuts
